 Dungeon Crawl Stone Soup version 0.25.1-2-g60ff931df9 (webtiles) character file.

Game seed: 2507188386048340843

105 Descartes the Ogre Mage (level 4, -1/41 HPs)
             Began as an Ogre Wanderer on Aug 8, 2020.
             Slain by Purgy (6 damage)
             ... in a sewer.
             The game lasted 00:06:48 (3739 turns).

Descartes the Ogre Mage (Ogre Wanderer)             Turns: 3739, Time: 00:06:49

Health: -1/41      AC:  3    Str: 16    XL:     4   Next: 81%
Magic:  9/9        EV: 11    Int: 12    God:
Gold:   108        SH:  8    Dex: 10    Spells: 9/10 levels left

rFire    . . .     SeeInvis .   k - +1 hand axe (vamp)
rCold    . . .     Gourm    .   e - +0 kite shield
rNeg     . . .     Faith    .   d - +0 robe
rPois    +         Spirit   .   (helmet restricted)
rElec    .         Reflect  .   (no cloak)
rCorr    .         Harm     .   (gloves unavailable)
MR       .....                  (boots unavailable)
Stlth    +.........             (no amulet)
HPRegen  0.13/turn              m - +4 ring of evasion
MPRegen  0.11/turn              p - ring of poison resistance

@: no status effects
A: large, unfitting armour, tough skin 1
a: no special abilities


You were in a sewer.
You were not hungry.

You visited 1 branch of the dungeon, and saw 3 of its levels.
You also visited: Sewer.

You collected 108 gold pieces.

Inventory:

Hand Weapons
 a - a +0 club
 h - a +3 dagger of electrocution
 j - a +0 vampiric dagger
 k - a +1 vampiric hand axe (weapon)
 u - a +0 hunting sling
Missiles
 g - 19 stones (quivered)
 o - 64 arrows
Armour
 d - a +0 robe (worn)
 e - a +0 kite shield (worn)
Jewellery
 m - a +4 ring of evasion (left hand)
 n - an uncursed ring of positive energy
 p - a ring of poison resistance (right hand)
 q - an uncursed ring of protection from cold
Scrolls
 b - a scroll of identify
 i - a scroll of immolation {unknown}
 s - 2 scrolls of fog {unknown}
 t - a scroll of enchant weapon {unknown}
 v - a scroll of amnesia {unknown}
 w - 2 scrolls of random uselessness {unknown}
Potions
 c - 2 potions of curing
 r - a potion of brilliance
 z - a potion of flight {unknown}
Comestibles
 f - 6 rations
 x - a chunk of flesh


   Skills:
 - Level 1.3 Fighting
 - Level 1.0 Maces & Flails
 - Level 1.0 Dodging
 + Level 2.9 Shields
 + Level 3.6 Spellcasting
 + Level 2.1 Fire Magic
   Level 2.6 Poison Magic


You had 9 spell levels left.
You knew the following spells:

 Your Spells              Type           Power        Failure   Level  Hunger
a - Foxfire               Conj/Fire      #...         50%         1    #......

Your spell library contained the following spells:

 Spells                   Type           Power        Failure   Level  Hunger
 Ignite Poison            Fire/Tmut/Pois #.......     78%         3    ###....


Dungeon Overview and Level Annotations

Branches:
Dungeon (3/15)              Sewer (1/1)

Altars:
Cheibriados

Annotations:
Sewer Purgy


Innate Abilities, Weirdness & Mutations

You are too large for most types of armour.
You have tough skin. (AC +1)


Message History

Purgy bites you.
* * * LOW HITPOINT WARNING * * *
Purgy completely misses you. Purgy barely misses you.
You feel better.
You block Purgy's attack. x2; Purgy barely misses you.
Purgy bites you!
* * * LOW HITPOINT WARNING * * *
You block Purgy's attack. Purgy barely misses you.
You feel better. Purgy bites you.
* * * LOW HITPOINT WARNING * * *
Purgy claws you but does no damage. Purgy barely misses you.
Purgy snarls, "Go!
Away!"
You hit Purgy.
You feel better.
Purgy is heavily wounded.
You block Purgy's attack. Purgy claws you.
* * * LOW HITPOINT WARNING * * *
You block Purgy's attack.
You barely miss Purgy.
Purgy is heavily wounded.
Purgy bites you.
You die...

#.##.##.##.##.##.##.#
#'##'##'##'##'##'##'#
#...................#
≈≈≈≈≈#≈≈≈≈≈≈≈≈≈.≈≈≈≈≈≈≈≈≈#≈≈≈≈≈
≈≈≈≈≈#≈≈≈≈≈≈≈≈≈∩≈≈≈≈≈≈≈≈≈#≈≈≈≈≈
≈≈≈≈≈#≈≈≈≈≈≈≈≈≈.≈≈≈≈≈≈≈≈≈#≈≈≈≈≈
######...................######
#+##+##+##T##'##+##+# #@##.#
#∩##.# ######


You could see Purgy.

Vanquished Creatures
  3 adders
  An ooze (D:1)
  4 worms
  3 dart slugs
  2 leopard geckos (D:3)
  2 giant cockroaches (Sewer)
  9 goblins
  6 hobgoblins
  2 jackals (D:2)
  7 kobolds (D:1)
  A quokka (D:2)
  7 bats
  4 frilled lizards (D:2)
  4 rats
55 creatures vanquished.

Vanquished Creatures (others)
  2 foxfires (D:1)
2 creatures vanquished.

Grand Total: 57 creatures vanquished

Notes
Turn   | Place    | Note
-------+----------+-------------------------------------------
     0 | D:1      | Descartes the Ogre Wanderer began the quest for the Orb.
     0 | D:1      | Descartes set off with the following items: a +0 club, a
                  | potion of curing, a +0 robe, a +0 kite shield, a ration;
                  | and the following spell memorised: Foxfire; and the
                  | following spells available to memorise: Ignite Poison
     0 | D:1      | Reached XP level 1. HP: 19/19 MP: 3/3
   602 | D:1      | Reached XP level 2. HP: 19/27 MP: 5/5
  1118 | D:1      | Reached skill level 1 in Fire Magic
  1561 | D:1      | Reached skill level 3 in Spellcasting
  1561 | D:1      | Reached XP level 3. HP: 31/33 MP: 5/7
  2018 | D:2      | Found a snail-covered altar of Cheibriados.
  2349 | D:2      | Reached XP level 4. HP: 34/41 MP: 9/9
  3411 | D:3      | Found a glowing drain.
  3440 | Sewer    | Entered a sewer
  3708 | Sewer    | Noticed Purgy
  3730 | Sewer    | HP: 2/41 [Purgy (3)]
  3739 | Sewer    | Slain by Purgy

Illustrated notes

Levels and vault maps discovered:
D:1:      co_arrival_hexagon_in_a_hexagon, layout_basic, minivault_19
D:2:      minmay_chambers_of_ones, layout_loops_cross, cheibriados_altar_1,
          first_ration, grunt_ministairs_9
D:3:      layout_loops_corners, cheibrodos_sewer_entry_bend, tgw_kikubaaqudgha
Sewer:    kennysheep_door_sewer

Skill      XL: |  1  2  3  4 |
---------------+-------------+-----
Shields        | 2 |  2.9
Fire Magic     | 1 2 |  2.1
Spellcasting   | 3 |  3.6
Fighting       | |  1.3
Maces & Flails | |  1.0
Dodging        | |  1.0
Poison Magic   | |  2.6

Action                   |  1- 3 |  4- 6 || total
-------------------------+-------+-------++-------
Melee: Club              |    39 |       ||    39
       Dagger            |    27 |       ||    27
       Hand axe          |    55 |   149 ||   204
 Cast: Foxfire           |     1 |       ||     1
  Use: Scroll            |       |     4 ||     4
       Potion            |       |     3 ||     3
 Stab: Sleeping          |       |     1 ||     1
  Eat: Chunk             |     5 |     4 ||     9
Armor: Robe              |    21 |    27 ||    48
Dodge: Dodged            |    59 |    87 ||   146
Block: Kite shield       |    51 |    64 ||   115
